 Dungeon Crawl Stone Soup version bcrawl-1.27.5 (webtiles) character file.

Game seed: 16421987362352581405

178119 Freyura the Twirler (level 6, 0/48 HPs)
             Began as a Demonspawn Gladiator on Aug 17, 2020.
             Was a Follower of Ru.
             Slain by an orc wizard
             ... wielding a +1 dagger of freezing
              (5 damage)
             ... on level 5 of the Dungeon.
             The game lasted 00:07:30 (3345 turns).

Freyura the Twirler (Demonspawn Gladiator)          Turns: 3345, Time: 00:07:30

Health: 0/48       AC: 10    Str: 14    XL:     6   Next: 43%
Magic:  15/15      EV: 13    Int: 10    God:    Ru [*.....]
Gold:   252        SH:  0    Dex: 16    Spells: 5/5 levels left

rFire    . . .     SeeInvis .   a - +1 quarterstaff
rCold    . . .     Gourm    .   (shield currently unavailable)
rNeg     + . .     Faith    .   q - +0 ring mail (curse)
rPois    .         Spirit   .   v - +1 hat
rElec    .         Reflect  .   f - +1 cloak
rCorr    .         Harm     .   (no gloves)
MR       .....     Rnd*Tele +   (no boots)
Stlth    ..........             (no amulet)
HPRegen  0.16/turn              h - ring "Nehasaej" {*Corrode rN+ MP+9 Stlth--} (curse)
MPRegen  0.14/turn              p - ring of teleportation (curse)

@: no scrolls
A: antennae 2, slimy green scales 1, powered by death 1, inability to read while
threatened
a: Renounce Religion


You were on level 5 of the Dungeon.
You worshipped Ru.
Ru was aware of your devotion.
You were hungry.

You visited 1 branch of the dungeon, and saw 5 of its levels.

You collected 252 gold pieces.

Inventory:

Hand Weapons
 a - a +1 quarterstaff (weapon)
Missiles
 d - 3 throwing nets {=f}
Armour
 b - a +0 leather armour
 f - a +1 cloak (worn)
 q - a cursed +0 ring mail (worn)
 v - a +1 hat (worn)
Jewellery
 h - the cursed ring "Nehasaej" (left hand) {*Corrode rN+ MP+9 Stlth--}
   (You found it on level 1 of the Dungeon)

   [ring of attention]

   It protects you from negative energy.
   It affects your magic capacity (+9).
   It may corrode you when you take damage.
   It makes you much less stealthy.
   It has a curse placed upon it.
 m - an uncursed ring of stealth
 p - a cursed ring of teleportation (right hand)
Wands
 l - a wand of digging (5)
 s - a wand of polymorph (8)
Scrolls
 c - 2 scrolls of magic mapping
 j - 4 scrolls of fear
 n - a scroll of identify
 r - a scroll of immolation
 t - 2 scrolls of teleportation
Potions
 g - 4 potions of curing
 i - 2 potions of heal wounds {unknown}
 k - a potion of flight {unknown}
 o - a potion of lignification {unknown}
 w - a potion of might {unknown}
Comestibles
 e - 6 rations {!d}


   Skills:
 + Level 3.7 Fighting
 * Level 5.1 Staves
 - Level 1.7 Throwing
 + Level 4.0 Dodging


You had 5 spell levels left.
You didn't know any spells.
Your spell library was empty.

Dungeon Overview and Level Annotations

Branches:
Dungeon (5/12)
 Temple: D:4-7

Altars:
Ru


Innate Abilities, Weirdness & Mutations

You have a pair of antennae on your head.
You are partially covered in slimy green scales. (AC +2)
You regenerate a little health from kills.
You cannot read scrolls while threatened.


Message History

The orc wizard begins to cast a spell, but is stunned by your will!
The orc wizard points at you and mumbles some strange words.
The puff of flame hits you!
* * * LOW HITPOINT WARNING * * *
Items here: ) [[ † a +0 dagger; a +0 robe; a +0 leather armour; an orc corpse The orc wizard mumbles some strange words.
The orc wizard seems to speed up.
The orc wizard points at you and mumbles some strange words.
The puff of flame hits you!
* * * LOW HITPOINT WARNING * * *
You hit the orc priest but do no damage.
The orc wizard hits you but does no damage.
You closely miss the orc wizard.
The orc wizard hits you but does no damage.
The orc priest begins to pray, but is stunned by your will!
You are feeling hungry.
You miss the orc wizard. The orc wizard misses you.
The orc wizard hits you with a +1 dagger of freezing.
You die...

.. .. .#
####.####
#.......#
##..o....#
##...oo..(#
#....@....#
###....o....#
#...........#..
##..>...........
................
####.....####...
#....## #..
##.### #. #.


You could see an orc priest, 2 orc wizards and an orc.

Vanquished Creatures
  Jessica (D:2)
  Natasha (thrice) (D:3)
  2 orc wizards
  A worker ant (D:4)
  A hound skeleton (D:4)
  4 adders
  A worm (D:2)
  3 dart slugs
  7 leopard geckos (D:1)
  6 orcs
  5 bats
  A giant cockroach (D:1)
  3 goblins (D:1)
  8 hobgoblins
  4 jackals (D:4)
  3 quokkas
  2 frilled lizards
  11 kobolds
  4 rats
70 creatures vanquished.

Vanquished Creatures (others)
  An ogre (D:4)
1 creature vanquished.

Grand Total: 71 creatures vanquished

Notes
Turn   | Place    | Note
-------+----------+-------------------------------------------
     0 | D:1      | Freyura the Demonspawn Gladiator began the quest for the
                  | Orb.
     0 | D:1      | Reached XP level 1. HP: 16/16 MP: 1/1
   112 | D:1      | Reached skill level 3 in Staves
   112 | D:1      | Gained mutation: You are partially covered in slimy green
                  | scales. (AC +2) [demonic ancestry]
   112 | D:1      | Reached XP level 2. HP: 13/22 MP: 2/2
   122 | D:1      | HP: 1/22 [rat (2)]
   363 | D:1      | Got a faintly glowing steel ring
   364 | D:1      | Identified the cursed ring "Nehasaej" {*Corrode rN+ MP+9
                  | Stlth--} (You found it on level 1 of the Dungeon)
   763 | D:1      | Reached XP level 3. HP: 28/28 MP: 3/3
   931 | D:2      | Found a sacrificial altar of Ru.
   935 | D:2      | Became a worshipper of Ru the Awakened
  1191 | D:2      | Noticed Jessica
  1197 | D:2      | Killed Jessica
  1197 | D:2      | Gained mutation: You have a pair of small antennae on your
                  | head. [demonic ancestry]
  1197 | D:2      | Reached XP level 4. HP: 34/34 MP: 4/4
  1839 | D:3      | Noticed Natasha
  1845 | D:3      | Killed Natasha
  1845 | D:3      | Reached skill level 4 in Staves
  2220 | D:3      | Noticed Natasha
  2231 | D:3      | Killed Natasha
  2231 | D:3      | Gained mutation: You regenerate a little health from kills.
                  | [demonic ancestry]
  2231 | D:3      | Reached XP level 5. HP: 35/41 MP: 5/5
  2304 | D:3      | Noticed Natasha
  2312 | D:3      | Killed Natasha
  2535 | D:4      | Gained mutation: You cannot read scrolls while threatened.
                  | [Ru sacrifice]
  2535 | D:4      | Reached * piety under Ru
  2843 | D:4      | Gained mutation: You have a pair of antennae on your head.
                  | [demonic ancestry]
  2843 | D:4      | Reached XP level 6. HP: 42/47 MP: 6/6
  3139 | D:4      | Reached skill level 5 in Staves
  3308 | D:5      | Entered Level 5 of the Dungeon
  3345 | D:5      | Slain by an orc wizard

Skill      XL: |  1  2  3  4  5  6 |
---------------+-------------------+-----
Staves         | 3 4 5 |  5.1
Dodging        | 3 4 |  4.0
Fighting       | 3 |  3.7
Throwing       | |  1.7

Action                   |  1- 3 |  4- 6 || total
-------------------------+-------+-------++-------
Melee: Quarterstaff      |    99 |   140 ||   239
Invok: Sacrifice Words   |       |     1 ||     1
  Use: Scroll            |       |     8 ||     8
  Eat: Chunk             |     3 |    11 ||    14
Armor: Leather armour    |    40 |    24 ||    64
       Ring mail         |       |    20 ||    20
Dodge: Dodged            |   106 |    85 ||   191
